Map: Sequencer LE

Players

souL - Winner!

  • Race: Terran Terran
  • Spawn Location: 1:00

llllllllllll (DnS)

  • Race: Protoss Protoss
  • Spawn Location: 7:00

Event: WCS Valencia 2017

VOD

Have the link to the VOD?

Description

Time

  • Played on: July 13, 2017, 11:20 a.m.
  • Length: 9:53

All games in this series

Show
View Real Time Build Order
Export as new Build Order

souL Terran - Winner!

Build Orders: Liberator Opening, Reaper Expand, MMM Bio 

Get SALT Encoding   

  12  0:00  SCV  
  13  0:13  SCV  
  14  0:18  Supply Depot  
  14  0:25  SCV  
  15  0:29  Refinery  
  15  0:40  SCV  
  16  0:45  Barracks  
  16  0:52  SCV  
  17  1:04  SCV  
  18  1:16  SCV  
  19  1:31  Reaper  
  19  1:32  Orbital Command  
  20  1:47  Command Center  
  20  1:58  Factory  
  20  2:02  SCV  
  20  2:07  Barracks Reactor  
  21  2:10  Refinery  
  21  2:14  SCV  
  22  2:19  Supply Depot  
  22  2:26  SCV  
  23  2:41  SCV  
  23  2:44  Starport, Widow Mine  
  24  2:48  Marine x2  
  28  2:53  SCV  
  29  3:00  Orbital Command  
  30  3:05  SCV, Marine x2  
  32  3:12  Widow Mine  
  32  3:17  SCV  
  35  3:20  Medivac  
  35  3:23  Marine x2  
  39  3:27  SCV  
  39  3:29  SCV  
  41  3:38  Supply Depot  
  41  3:39  SCV  
  42  3:41  Marine x2  
  42  3:43  Liberator, Widow Mine  
  46  4:00  Marine, SCV x2  
  51  4:12  SCV x2  
  53  4:21  Marine, Command Center  
  54  4:28  Liberator  
  54  4:39  SCV x2  
  54  4:42  Barracks, Supply Depot  
  54  4:44  Marine  
  55  4:49  Marine  
  55  4:51  SCV x2  
  61  4:54  Bunker  
  61  5:02  Barracks  
  61  5:03  SCV x2  
  61  5:05  Widow Mine  
  65  5:07  Bunker  
  65  5:08  Marine  
  66  5:14  Engineering Bay  
  66  5:15  SCV x2  
  66  5:16  Supply Depot  
  66  5:17  Marine  
  69  5:27  SCV  
  70  5:31  Refinery  
  70  5:32  SCV  
  70  5:34  Barracks Tech Lab, Orbital Command  
  70  5:35  Marine  
  70  5:38  Marine  
  70  5:39  SCV  
  70  5:44  SCV, Terran Infantry Weapons Level 1  
  71  5:51  Barracks Tech Lab, Refinery, SCV  
  71  5:52  Marine  
  71  5:53  Stimpack  
  71  5:54  Marine  
  71  5:57  SCV, Marine  
  72  6:04  SCV  
  74  6:07  Supply Depot  
  74  6:09  SCV, Supply Depot  
  76  6:12  Marine  
  76  6:13  Orbital Command  
  76  6:14  Combat Shields  
  76  6:16  SCV  
  76  6:17  Marine  
  80  6:21  SCV  
  79  6:27  Barracks  
  79  6:28  SCV, Barracks  
  79  6:30  Barracks Reactor  
  80  6:33  SCV  
  80  6:34  Marauder, Supply Depot x2  
  83  6:40  SCV  
  83  6:41  SCV  
  83  6:45  SCV  
  83  6:52  Marauder, SCV  
  83  6:53  SCV  
  87  6:54  Marine  
  87  6:55  Supply Depot x2  
  87  6:57  SCV  
  87  6:59  Missile Turret  
  87  7:00  Missile Turret  
  89  7:04  SCV, Missile Turret  
  89  7:05  SCV  
  91  7:09  SCV, Supply Depot  
  91  7:10  Medivac  
  91  7:11  Medivac  
  96  7:16  SCV  
  96  7:17  SCV  
  96  7:20  Supply Depot  
  96  7:21  Barracks Reactor, Barracks Tech Lab, SCV  
  99  7:23  Supply Depot  
  99  7:28  SCV  
  99  7:29  Marauder, Marine, SCV  
  106  7:30  Marauder  
  106  7:32  Factory Reactor  
  106  7:37  Liberator  
  106  7:38  Starport  
  106  7:39  Marine, Barracks  
  106  7:40  Medivac  
  106  7:41  Barracks  
  109  7:47  Marauder, Marine  
  109  7:49  Supply Depot  
  109  7:51  Marauder, Terran Infantry Armor Level 1  
  112  7:52  Supply Depot  
  112  7:53  Liberator  
  112  7:54  Concussive Shells  
  112  7:56  Marauder  
  117  8:04  Armory  
  117  8:06  Engineering Bay  
  117  8:09  Marauder  
  117  8:10  Marine  
  117  8:12  Marauder  
  125  8:15  Supply Depot  
  125  8:16  Starport Reactor, Supply Depot  
  125  8:17  Marauder  
  127  8:22  Liberator, Marine  
  123  8:28  Barracks Tech Lab x2  
  123  8:30  Marauder  
  123  8:32  Refinery  
  123  8:33  Refinery  
  123  8:34  Marauder  
  127  8:36  Liberator  
  127  8:39  Supply Depot  
  127  8:40  Supply Depot  
  130  8:43  Command Center  
  130  8:45  Marine  
  130  8:46  Marauder  
  133  8:50  Marauder, Marine  
  133  8:52  Liberator  
  133  8:53  Marauder, Marine  
  142  9:00  Marine  
  142  9:01  Marauder  
  144  9:11  Marauder x2, Marine x3  
  144  9:12  Marauder  
  144  9:14  Marine  
  154  9:18  Marine  
  154  9:21  Marine  
  159  9:28  Marine  
  159  9:29  Marine x2  
  162  9:32  Marine  
  162  9:33  Marine  
Show
View Real Time Build Order
Export as new Build Order

llllllllllll Protoss 

Build Orders: 1 Gate Expand, Oracle Opening 

Get SALT Encoding   

  12  0:00  Probe (Chrono Boost)  
  13  0:11  Probe (Chrono Boost)  
  14  0:17  Pylon  
  14  0:22  Probe (Chrono Boost)  
  15  0:36  Probe (Chrono Boost), Gateway  
  15  0:41  Assimilator  
  16  0:46  Probe (Chrono Boost)  
  18  0:57  Probe (Chrono Boost)  
  18  1:07  Probe (Chrono Boost)  
  19  1:19  Nexus  
  19  1:22  Probe (Chrono Boost)  
  20  1:31  Cybernetics Core  
  20  1:35  Probe (Chrono Boost)  
  21  1:41  Assimilator  
  21  1:45  Probe (Chrono Boost)  
  22  1:50  Pylon  
  22  1:56  Probe (Chrono Boost)  
  23  2:08  Probe  
  23  2:09  Warp Gate, Adept (Chrono Boost)  
  26  2:21  Probe  
  27  2:29  Stargate  
  27  2:31  Probe  
  27  2:33  Probe  
  27  2:35  Adept (Chrono Boost)  
  31  2:41  Probe  
  32  2:45  Probe  
  33  2:52  Probe  
  33  2:57  Probe  
  35  2:59  Adept (Chrono Boost)  
  35  3:02  Probe  
  38  3:09  Probe  
  39  3:13  Pylon, Probe  
  39  3:14  Oracle (Chrono Boost)  
  39  3:18  Pylon  
  43  3:21  Probe  
  43  3:24  Mothership Core  
  46  3:35  Probe  
  46  3:37  Gateway  
  47  3:41  Gateway  
  47  3:43  Probe  
  47  3:47  Probe  
  49  3:55  Probe  
  49  3:58  Oracle (Chrono Boost)  
  53  4:18  Probe, Nexus  
  53  4:20  Pylon  
  54  4:25  Stalker  
  55  4:33  Probe  
  52  4:43  Probe  
  53  4:48  Probe  
  54  4:58  Oracle (Chrono Boost)  
  55  5:04  Stalker  
  55  5:07  Probe  
  57  5:10  Probe  
  57  5:19  Probe  
  57  5:21  Probe  
  57  5:32  Probe  
  57  5:33  Probe  
  57  5:35  Probe  
  60  5:45  Probe  
  60  5:48  Stalker  
  60  5:51  Probe  
  59  6:00  Probe  
  58  6:15  Probe  
  58  6:18  Probe  
  59  6:23  Stalker  
  62  6:29  Probe x2  
  62  6:30  Probe  
  62  6:32  Sentry x2  
  65  6:36  Phoenix (Chrono Boost)  
  69  6:40  Probe x2  
  69  6:43  Probe  
  69  6:46  Assimilator  
  72  6:50  Probe x2  
  72  6:52  Pylon  
  74  6:55  Probe  
  74  7:01  Probe x2  
  73  7:07  Probe, Twilight Council  
  73  7:08  Forge  
  76  7:11  Probe  
  76  7:13  Assimilator  
  76  7:14  Stalker x2  
  76  7:15  Probe  
  81  7:19  Probe  
  81  7:21  Stalker  
  81  7:22  Probe  
  85  7:25  Pylon  
  85  7:27  Probe  
  86  7:31  Probe  
  86  7:36  Protoss Ground Weapons Level 1  
  87  7:38  Gateway x2  
  87  7:39  Probe  
  87  7:40  Probe  
  89  7:44  Blink (Chrono Boost)  
  89  7:52  Gateway  
  89  7:53  Pylon  
  89  7:55  Probe x2  
  89  7:57  Stalker  
  93  8:00  Pylon  
  93  8:05  Probe  
  93  8:07  Probe  
  93  8:09  Gateway  
  93  8:10  Gateway  
  93  8:12  Assimilator  
  95  8:16  Pylon  
  95  8:18  Stalker x2  
  99  8:20  Sentry  
  101  8:31  Pylon  
  101  8:36  Robotics Facility  
  101  8:40  Sentry  
  103  8:42  Stalker x3  
  109  8:52  Stalker x2  
  109  9:04  Adept x2  
  96  9:11  Stalker x2  
  96  9:12  Stalker  
  99  9:22  Adept x3  
  105  9:28  Adept  
  109  9:37  Adept x3  
  109  9:38  Adept  
  99  9:43  Stalker x3  
Tags
 
Add a new tag
Caveats
  • Supply blocks, unpowered buildings, or Contaminate may cause inaccurate times.
  • Supply counts are checked every 10 seconds.